 Dungeon Crawl Stone Soup version 0.18-a0-1267-gff090c1 (webtiles) character file.

9780 RedPan the Jinx (level 11, -5/64 HPs)
             Began as a Vampire Enchanter on Feb 7, 2016.
             Was an Elder of Kikubaaqudgha.
             Killed from afar by a manticore (6 damage)
             ... with a volley of spikes
             ... on level 11 of the Dungeon.
             The game lasted 00:37:29 (11831 turns).

RedPan the Jinx (Vampire Enchanter)                Turns: 11831, Time: 00:37:29

Health: -5/64      AC: 12    Str:  7    XL:     11   Next: 27%
Magic:  10/18      EV: 17    Int: 22    God:    Kikubaaqudgha [****..]
Gold:   513        SH:  0    Dex: 14    Spells: 4 memorised, 8 levels left

rFire  . . .     SeeInvis +     a - +2 dagger (freeze)
rCold  + + +     Gourm    .     o - +2 robe {rC+}
rNeg   + + +     Faith    .     (no shield)
rPois  +         Spirit   .     (no helmet)
rElec  .         Dismiss  .     u - +1 cloak {MR+}
rCorr  .         Reflect  .     i - +2 pair of gloves
SustAt +         Harm     .     F - +1 pair of boots {run}
MR     ++...                    (no amulet)
Stlth  +++++++...               (no ring)
                                m - ring of sustain attributes

@: about to teleport, manticore barbs, very slightly contaminated, regenerating
slowly, hasted, very quick, very resistant to hostile enchantments, extremely
stealthy
A: fangs 3, molten scales 1, see invisible, frail 1, unbreathing
a: Bat Form, Receive Corpses, Renounce Religion


You were on level 11 of the Dungeon.
You worshipped Kikubaaqudgha.
Kikubaaqudgha was greatly pleased with you.
You were near bloodless.

You visited 2 branches of the dungeon, and saw 12 of its levels.
You also visited: Bailey.

You collected 704 gold pieces.
You spent 191 gold pieces at shops.

Inventory:

Hand Weapons
 a - a +2 dagger of freezing (weapon)
Armour
 i - a +2 pair of gloves (worn)
 o - a +2 robe of cold resistance (worn)
 u - a +1 cloak of magic resistance (worn)
 F - a +1 pair of boots of running (worn)
 G - the +1 gold dragon armour "Seuh" {rPois rF+ rC+ Slay+3}
   (You took it off an orc in a bailey)

   It affects your accuracy and damage with ranged weapons and melee attacks
   (+3).
   It protects you from fire.
   It protects you from cold.
   It protects you from poison.
Magical Staves
 e - an uncursed staff of cold
 J - an uncursed staff of conjuration
Jewellery
 m - a ring of sustain attributes (left hand)
Wands
 p - a wand of confusion (6/48)
 s - a wand of polymorph (18/24)
 w - a wand of random effects (28/48)
 D - a wand of random effects (37/48)
 K - a wand of disintegration (12/24)
 L - a wand of polymorph (18/24)
Scrolls
 g - 2 scrolls of fear
 l - a scroll of enchant weapon
 n - 6 scrolls of identify
 t - a scroll of remove curse
 y - a scroll of magic mapping
 C - a scroll of blinking
Potions
 d - 27 potions of blood
 f - 4 potions of curing
 h - 4 potions of flight
 q - a potion of magic
 r - a potion of haste
 v - a potion of agility
Books
 b - Kikubaaqudgha's Almanac of Black Rites
   (Kikubaaqudgha gifted it to you on level 6 of the Dungeon)

   Spells                             Type                      Level
   a - Pain                           Necromancy                   1
   b - Corpse Rot                     Necromancy                   2
   c - Sublimation of Blood           Necromancy                   2
   d - Vampiric Draining              Necromancy                   3
   e - Control Undead                 Necromancy                   4
 c - a book of Maledictions

   Spells                             Type                      Level
   a - Corona                         Hexes                        1
   b - Ensorcelled Hibernation        Hexes/Ice                    2
   c - Confuse                        Hexes                        3
   d - Tukima's Dance                 Hexes                        3
   e - Dazzling Spray                 Conjuration/Hexes            3
 k - a book of Party Tricks

   Spells                             Type                      Level
   a - Summon Butterflies             Summoning                    1
   b - Apportation                    Translocation                1
   c - Tukima's Dance                 Hexes                        3
   d - Alistair's Intoxication        Transmutation/Poison         5
   e - Invisibility                   Hexes                        6
 x - a book of Geomancy

   Spells                             Type                      Level
   a - Sandblast                      Earth                        1
   b - Passwall                       Transmutation/Earth          2
   c - Stone Arrow                    Conjuration/Earth            3
   d - Petrify                        Transmutation/Earth          4
   e - Lee's Rapid Deconstruction     Earth                        5
 B - a Fen Folio

   Spells                             Type                      Level
   a - Corpse Rot                     Necromancy                   2
   b - Stone Arrow                    Conjuration/Earth            3
   c - Leda's Liquefaction            Hexes/Earth                  4
   d - Summon Forest                  Summoning/Translocation      5
   e - Hydra Form                     Transmutation                6
   f - Summon Hydra                   Summoning                    7
 I - Kikubaaqudgha's Compendium of Black Rituals
   (Kikubaaqudgha gifted it to you on level 9 of the Dungeon)

   Spells                             Type                      Level
   a - Animate Dead                   Necromancy                   4
   b - Excruciating Wounds            Charms/Necromancy            5
   c - Bolt of Draining               Conjuration/Necromancy       5
   d - Dispel Undead                  Necromancy                   5
   e - Death Channel                  Necromancy                   6


   Skills:
 - Level 2.1 Fighting
 - Level 10.0 Short Blades
 + Level 8.1 Dodging
 - Level 13.0 Stealth
 - Level 5.0 Spellcasting
 - Level 13.3 Hexes


You had 8 spell levels left.
You knew the following spells:

 Your Spells              Type           Power        Failure   Level  Hunger
a - Corona                Hex            ######.      1%          1    None
b - Ensorcelled Hibernat  Hex/Ice        ####..       1%          2    None
c - Confuse               Hex            ######..     1%          3    ##.....
d - Invisibility          Hex            ######..     8%          6    #######


Dungeon Overview and Level Annotations

Branches:
Dungeon (11/15)            Temple (1/1) D:4            Lair (0/8) D:11
    Orc (0/2) D:9

Altars:
Ashenzari
Cheibriados
Dithmenos
Elyvilon
Fedhas
Gozag
Kikubaaqudgha
Makhleb
Nemelex Xobeh
Okawaru
Pakellas
Qazlal
Ru
Sif Muna
Trog
Vehumet
Xom
Yredelemnul
Zin
The Shining One
Beogh

Shops:
D:7 *


Innate Abilities, Weirdness & Mutations

You heal slowly.
You have razor-sharp teeth.
You have supernaturally acute eyesight.
You can survive without breathing.
You are partially covered in molten scales (AC +1).
You are frail (-10% HP).


Message History

Confirm with . or Enter, or press ? or * to list all spells.
Aiming: Ensorcelled Hibernation
Press: ? - help, Shift-Dir - straight line, f/p - manticore
Aim: a manticore (chance to defeat MR: 45%)
The manticore resists with some effort.
The manticore flicks its tail.
The volley of spikes hits you!
The barbed spikes become lodged in your body.
* * * LOW HITPOINT WARNING * * *
Casting: Ensorcelled Hibernation
Confirm with . or Enter, or press ? or * to list all spells.
Aiming: Ensorcelled Hibernation
Press: ? - help, Shift-Dir - straight line, f/p - manticore
Aim: a manticore (chance to defeat MR: 45%)
The manticore resists with some effort.
The manticore flicks its tail.
The volley of spikes hits you!
The barbed spikes become lodged in your body.
You die...
Kikubaaqudgha rasps: "You have failed me!
Welcome... oblivion!"

...####..#
...H.....#######
....................
#.........####.........
#.........# #.?######
#.........# #H.#
#.........# #..#
#.........####H.#
#...........@...#
#...............######.
#......)..####.........
#..#####..# #.........
#..# #..# #..#######
#..# #..# #..#
#..#####..# #..#
#####.........# #..#
...>...(......####..#


You could see a manticore.

Vanquished Creatures
  An orc knight (Bailey)
  Pikel (D:9)
  A hill giant (D:11)
  A manticore (D:11)
  Psyche (D:8)
  Joseph (D:7)
  A troll (D:9)
  Prince Ribbit (D:9)
  2 two-headed ogres
  Sigmund (D:6)
  A yak (D:9)
  A wyvern (D:9)
  A steam dragon (D:9)
  2 hungry ghosts (D:9)
  2 hippogriffs
  A water moccasin (D:11)
  A black bear (D:9)
  An ice beast (D:9)
  7 orc warriors
  2 necrophages
  5 phantoms
  A slave (D:9)
  A wasp (D:9)
  12 ogres
  4 centaurs (D:10)
  A crocodile (D:10)
  A big kobold (D:9)
  A gnoll sergeant (D:9)
  4 giant frogs
  A wyvern skeleton (D:9)
  A water moccasin skeleton (D:10)
  2 electric eels (D:9)
  4 killer bees (D:9)
  4 wights (D:8)
  7 crimson imps
  A quasit (D:9)
  A centaur skeleton (D:8)
  4 hounds
  Crazy Yiuf (D:4)
  5 giant frog skeletons
  3 orc priests
  A jelly (D:8)
  2 iguanas
  9 orc wizards
  7 worker ants
  2 hound skeletons (D:7)
  A worker ant zombie (D:3)
  Robin (D:2)
  3 gnolls (D:9)
  13 adders
  2 river rats (D:11)
  3 shadow imps
  2 oozes
  2 ufetubi (D:9)
  2 worms
  4 giant geckos
  68 orcs
  9 bats
  6 giant cockroaches
  19 goblins
  12 hobgoblins
  10 jackals
  10 kobolds
  3 quokkas
  2 ball pythons (D:2)
  A giant gecko skeleton (D:7)
  6 giant newts
  11 rats
  A fungus (D:11)
306 creatures vanquished.

Vanquished Creatures (others)
  An orc (D:10)
  A hobgoblin (D:9)
2 creatures vanquished.

Grand Total: 308 creatures vanquished

Notes
Turn   | Place    | Note
--------------------------------------------------------------
     0 | D:1      | RedPan the Vampire Enchanter began the quest for the Orb.
     0 | D:1      | Reached XP level 1. HP: 13/13 MP: 3/3
    95 | D:1      | Reached XP level 2. HP: 4/19 MP: 5/5
   412 | D:1      | Reached skill level 5 in Hexes
   749 | D:1      | Learned a level 2 spell: Ensorcelled Hibernation
  1123 | D:2      | Reached XP level 3. HP: 21/24 MP: 1/7
  1430 | D:2      | Noticed Robin
  1522 | D:2      | Killed Robin
  1522 | D:2      | Reached skill level 6 in Hexes
  1531 | D:2      | Reached XP level 4. HP: 17/30 MP: 4/8
  2252 | D:3      | Found a radiant altar of Vehumet.
  2314 | D:3      | Reached skill level 5 in Stealth
  2319 | D:3      | Learned a level 3 spell: Confuse
  2666 | D:3      | Found a sacrificial altar of Ru.
  2832 | D:3      | Reached XP level 5. HP: 35/35 MP: 9/9
  2994 | D:4      | Found an opulent altar of Gozag.
  3023 | D:4      | Noticed an ogre
  3026 | D:4      | Killed an ogre
  3103 | D:3      | Reached XP level 6. HP: 41/41 MP: 7/10
  3265 | D:4      | Reached skill level 7 in Stealth
  3477 | D:4      | Reached skill level 8 in Stealth
  3531 | D:4      | Reached skill level 5 in Short Blades
  3531 | D:4      | Reached XP level 7. HP: 43/46 MP: 4/11
  3766 | D:4      | Found a basalt altar of Yredelemnul.
  3767 | D:4      | Reached skill level 9 in Stealth
  3924 | D:4      | Found a staircase to the Ecumenical Temple.
  3964 | D:4      | Noticed Crazy Yiuf
  3971 | D:4      | Killed Crazy Yiuf
  4027 | Temple   | Entered the Ecumenical Temple
  4104 | Temple   | Became a worshipper of Kikubaaqudgha
  4527 | D:5      | Entered Level 5 of the Dungeon
  4530 | D:4      | Gained mutation: You are resistant to hostile enchantments. [potion of mutation]
  4530 | D:4      | Gained mutation: Your muscles are strong. (Str +2) [potion of mutation]
  4530 | D:4      | Gained mutation: You tend to lose your temper in combat. [potion of mutation]
  4531 | D:4      | Gained mutation: Your mind is acute. (Int +2) [potion of mutation]
  4531 | D:4      | Gained mutation: You are partially covered in molten scales (AC +1). [potion of mutation]
  4531 | D:4      | Gained mutation: You are partially covered in yellow scales (AC +2). [potion of mutation]
  4678 | D:5      | Reached skill level 10 in Stealth
  4678 | D:5      | Reached XP level 8. HP: 52/52 MP: 7/12
  5470 | D:5      | Found a deep blue altar of Sif Muna.
  5844 | D:6      | Lost mutation: You tend to lose your temper in combat. [potion of cure mutation]
  5844 | D:6      | Lost mutation: You are resistant to hostile enchantments. [potion of cure mutation]
  5844 | D:6      | Lost mutation: You are partially covered in yellow scales (AC +2). [potion of cure mutation]
  5844 | D:6      | Lost mutation: Your muscles are strong. (Str +2) [potion of cure mutation]
  6075 | D:6      | Noticed Sigmund
  6085 | D:6      | Killed Sigmund
  6140 | D:6      | Reached * piety under Kikubaaqudgha
  6140 | D:6      | Received a gift from Kikubaaqudgha
  6141 | D:6      | Identified Kikubaaqudgha's Almanac of Black Rites (Kikubaaqudgha gifted it to you on level 6 of the Dungeon)
  6273 | D:6      | Reached skill level 10 in Short Blades
  6531 | D:7      | Reached XP level 9. HP: 53/58 MP: 4/13
  6782 | D:7      | Reached skill level 1 in Fighting
  6933 | D:7      | Found Suffiunk's Assorted Antiques.
  6938 | D:7      | Bought a lead wand for 132 gold pieces
  6938 | D:7      | Bought 2 emerald potions for 59 gold pieces
  7027 | D:7      | Noticed Joseph
  7035 | D:7      | Killed Joseph
  7446 | D:8      | Noticed Psyche
  7452 | D:8      | Killed Psyche
  7520 | D:8      | Reached skill level 10 in Hexes
  7730 | D:8      | Found a snail-covered altar of Cheibriados.
  7945 | D:8      | Found a shattered altar of Ashenzari.
  7945 | D:8      | Found a glowing silver altar of Zin.
  8106 | D:8      | Reached skill level 11 in Hexes
  8117 | D:8      | Learned a level 6 spell: Invisibility
  8171 | D:9      | Reached skill level 5 in Spellcasting
  8213 | D:9      | Reached XP level 10. HP: 67/67 MP: 12/17
  8350 | D:9      | Reached skill level 12 in Hexes
  8407 | D:9      | Reached ** piety under Kikubaaqudgha
  8498 | D:9      | Noticed Prince Ribbit
  8510 | D:9      | Killed Prince Ribbit
  8568 | D:9      | Found a flagged portal.
  8570 | D:9      | Reached skill level 13 in Hexes
  8600 | Bailey   | Entered a bailey
  8666 | Bailey   | Noticed an orc knight
  8792 | Bailey   | Lost mutation: Your mind is acute. (Int +2) [mutagenic glow]
  8841 | Bailey   | Noticed an orc knight
  8900 | Bailey   | Gained mutation: You are frail (-10% HP). [mutagenic glow]
  9089 | Bailey   | Killed an orc knight
  9107 | Bailey   | Identified a +1 pair of boots of running (You found it in a bailey)
  9212 | Bailey   | Got a transparent gold dragon armour
  9480 | D:9      | Identified the +1 gold dragon armour "Seuh" {rPois rF+ rC+ Slay+3} (You took it off an orc in a bailey)
  9484 | D:9      | Found a white marble altar of Elyvilon.
  9591 | D:9      | Found a staircase to the Orcish Mines.
  9625 | D:9      | Reached skill level 5 in Dodging
  9813 | D:9      | Noticed Pikel
  9820 | D:9      | Killed Pikel
  9995 | D:9      | Reached *** piety under Kikubaaqudgha
  9995 | D:9      | Received a gift from Kikubaaqudgha
  9996 | D:9      | Identified Kikubaaqudgha's Compendium of Black Rituals (Kikubaaqudgha gifted it to you on level 9 of the Dungeon)
 10125 | D:9      | Reached XP level 11. HP: 64/64 MP: 18/18
 10281 | D:10     | Entered Level 10 of the Dungeon
 10440 | D:10     | Found a roughly hewn altar of Beogh.
 11411 | D:11     | Noticed a hill giant
 11425 | D:11     | Killed a hill giant
 11541 | D:11     | Found a staircase to the Lair.
 11563 | D:11     | Reached **** piety under Kikubaaqudgha
 11825 | D:11     | HP: 1/64 [barbs]
 11830 | D:11     | HP: 1/64 [manticore/volley of spikes (8)]
 11831 | D:11     | Killed from afar by a manticore

Vault maps used:
D:1:      dpeg_arrival_boxorama
D:2:      first_bread, uniq_robin
D:3:      nicolae_overflow_crystal_walls, st_stairs_8,
          nicolae_ru_sacrificial_ziggurat
D:4:      yredelemnul_altar_generic, minmay_temple_entry_enclosed_plants,
          grunt_gozag_breadcrumbs, uniq_crazy_yiuf_cottage
D:5:      overflow_temple_1_default
D:6:      uniq_sigmund
D:7:      serial_shops, shop, grunt_ogre_cave, uniq_joseph
D:8:      slow_altar_1, gammafunk_temple_overflow_wave, uniq_psyche
D:9:      corexii_shack_village, kennysheep_orc_monster_closet_entryway,
          serial_ice, serial_ice_l, serial_ice_n, serial_ice_a, serial_ice_m,
          enter_bailey_3, elyvilon_altar_1, uniq_pikel, uniq_prince_ribbit1
D:10:     grunt_ministairs_8
D:11:     due_lair_maze_entry_diamond, uniq_maurice, uniq_harold
Temple:   water_room_temple_a_12
Bailey:   bailey_polearm_1, bailey

Action                   |  1- 3 |  4- 6 |  7- 9 | 10-12 || total
-------------------------+-------+-------+-------+-------++-------
Melee: Dagger            |   126 |   159 |   325 |   422 ||  1032
 Cast: Ensorcelled Hiber |     5 |    15 |    38 |    28 ||    86
       Confuse           |       |     2 |    14 |     3 ||    19
       Invisibility      |       |       |       |     8 ||     8
 Abil: End Transformatio |       |       |       |     1 ||     1
       Bat Form          |       |       |       |     1 ||     1
  Use: Potion            |     6 |    11 |    16 |    14 ||    47
       Scroll            |     3 |     5 |     4 |     6 ||    18
 Stab: Sleeping          |    12 |    16 |    55 |    46 ||   129
       Confused          |       |     1 |     7 |     4 ||    12
       Distracted        |       |       |     1 |       ||     1
       Invisible         |       |       |     1 |    33 ||    34
